 Dungeon Crawl Stone Soup version 0.29.0-7-g18a832c13a (webtiles) character file.

Game seed: 17919987573107724842

4990 LynnLen the Thaumaturge (level 10, 0/44 HPs)
             Began as a Spriggan Conjurer on Aug 31, 2022.
             Was a Believer of Vehumet.
             Killed from afar by an acid dragon (31 damage)
             ... with a splash of acid
             ... on level 8 of the Dungeon.
             The game lasted 00:47:28 (12786 turns).

LynnLen the Thaumaturge (Spriggan Conjurer)        Turns: 12786, Time: 00:47:29

Health: 0/44       AC: -1    Str:  3    XL:     10   Next: 29%
Magic:  20/27      EV: 17    Int: 25    God:    Vehumet [**....]
Gold:   341        SH:  0    Dex: 13    Spells: 18/33 levels left

rFire   . . .      SeeInvis +   w - +2 short sword (venom)
rCold   + . .      Faith    .   (no shield)
rNeg    . . .      Spirit   .   a - +0 robe
rPois   .          Reflect  .   (helmet restricted)
rElec   .          Harm     .   o - +0 cloak
rCorr   .          Rampage  .   (gloves unavailable)
Will    +....                   (boots unavailable)
Stlth   ++........              B - amulet of the acrobat
HPRegen 0.14/turn               i - ring of protection from cold
MPRegen 0.20/turn               (no ring)

@: corroded, very slightly contaminated, very quick
A: very small, no large weapons, unfitting armour, see invisible, speed 3
a: Renounce Religion


You were on level 8 of the Dungeon.
You worshipped Vehumet.
Vehumet was pleased with you.
You visited 2 branches of the dungeon, and saw 9 of its levels.

You collected 341 gold pieces.

Inventory:

Hand Weapons
 w - a +2 short sword of venom (weapon)
Armour
 a - a +0 robe (worn)
 o - a +0 cloak (worn)
Jewellery
 i - a ring of protection from cold (left hand)
 B - an amulet of the acrobat (around neck)
Wands
 s - a wand of paralysis (8)
 t - a wand of light (8)
 u - a wand of polymorph (10)
 v - a wand of flame (48)
Scrolls
 b - a scroll of brand weapon {unknown}
 c - 4 scrolls of amnesia {unknown}
 d - 2 scrolls of teleportation
 e - a scroll of magic mapping {unknown}
 f - 2 scrolls of immolation {unknown}
 l - 2 scrolls of enchant armour {unknown}
 x - a scroll of noise {unknown}
 y - a scroll of torment {unknown}
 C - a scroll of blinking {unknown}
Potions
 g - a potion of berserk rage
 h - 2 potions of attraction
 j - 3 potions of flight
 k - a potion of haste
 m - 2 potions of resistance
 n - 3 potions of lignification
 p - 2 potions of brilliance
 q - a potion of degeneration {unknown}
 r - 2 potions of cancellation {unknown}
 z - a potion of ambrosia {unknown}
 A - 2 potions of might {unknown}


   Skills:
 - Level 2.6 Dodging
 - Level 3.0 Stealth
 + Level 12.3 Spellcasting
 + Level 7.1 Conjurations
 + Level 4.3 Hexes
 + Level 4.5 Translocations
 - Level 5.0 Earth Magic


You had 18 spell levels left.
You knew the following spells:

 Your Spells              Type           Power      Damage    Failure   Level
a - Magic Dart            Conj           100%       1d8       1%          1
b - Searing Ray           Conj           100%       2d8       1%          2
c - Fulminant Prism       Conj/Hex       22%        3d13      3%          4
d - Iskenderun's Mystic   Conj/Tloc      44%        2d10      3%          4
e - Tukima's Dance        Hex            37%        N/A       1%          3
f - Sandblast             Erth           80%        2d17      1%          1

Your spell library contained the following spells:

 Spells                   Type           Power      Damage    Failure   Level
 Stone Arrow              Conj/Erth      92%        3d12      1%          3
 Dazzling Flash           Conj/Hex       88%        N/A       1%          3
 Mephitic Cloud           Conj/Pois/Air  27%        N/A       4%          3
 Call Imp                 Summ           15%        N/A       6%          2
 Passage of Golubria      Tloc           38%        N/A       6%          4
 Lee's Rapid Deconstruct  Erth           20%        3d13*     14%         5
 Yara's Violent Unravell  Hex/Tmut       13%        3d7       41%         5
 Conjure Ball Lightning   Conj/Air       16%        3x3d6     80%         6
 Discord                  Hex            18%        N/A       100%        8
 Disjunction              Tloc           19%        N/A       100%        8


Dungeon Overview and Level Annotations

Branches:
Dungeon (8/15)             Temple (1/1) D:5
   Lair: D:8-11

Altars:
Ashenzari
Cheibriados
Dithmenos
Gozag
Kikubaaqudgha
Makhleb
Okawaru
Qazlal
Ru
Sif Muna
Trog
Vehumet
Wu Jian
Yredelemnul

Shops:
D:1 (!

Annotations:
D:4 Pikel
D:7 ShnitzelX2's ghost, novice TeBe


Innate Abilities, Weirdness & Mutations

You are very small and have problems with some larger weapons.
You are too small for most types of armour.
You have supernaturally acute eyesight. (SInv)
You cover ground extremely quickly. (Speed+++)


Message History

Aiming: Searing Ray (safe; 1% risk of failure)
Press: ? - help, Q - select action, (/) - cycle Shift-Dir - straight line, f/p - wyvern
Aim: a wyvern (almost dead, 83% to hit)
The searing ray misses the wyvern. (Press . to maintain the ray.)
The wyvern closely misses you.
The searing ray hits the wyvern!
You kill the wyvern!
Vehumet accepts your kill.
Unknown command.
You start resting.
Magic restored.
You start resting.
HP restored.
You see here a wyvern corpse.
An acid dragon comes into view.
The acid dragon moves out of view.
Aiming: Fulminant Prism (dangerous; 3% risk of failure)
Press: ? - help, Q - select action, (/) - cycle Dir - move target You conjure a prism of explosive energy!
The acid dragon roars!
A fulminant prism comes into view.
You hear a shout!
Your fulminant prism crackles loudly.
Your fulminant prism explodes!
The blast of energy engulfs the acid dragon!!
The acid dragon is severely wounded.
You hear a shout! x3; You hear a roar!
You hear a shout! x2
A two-headed ogre comes into view.
It is wielding a +0 giant club and a +0 dire flail.
The acid dragon spits acid at you. The splash of acid hits you!
The acid corrodes you!
Aiming: Fulminant Prism (dangerous; 3% risk of failure)
Press: ? - help, Q - select action, (/) - cycle Dir - move target You miscast Fulminant Prism.
You are very lightly contaminated with residual magic.
Nothing appears to happen.
The acid dragon spits acid at you. The splash of acid hits you!!
Ouch! That really hurt!
You die...

####.##########.#
#......÷).....#.#
####>#..#######..#†#
.g.)l......# #..#.#
####.#...#.# #..#.#
#..)#.... #..#.#
####g.###... ###...#
)<.).## #.###.....#
.).#..# .#..P.@..#
≈~~~~#.# #....#..#
#####≈# #....#..# ≈#
#....#.## ##...#.#
#.###D. ## .o# . .#


You could see an acid dragon (catching breath) and an orc wizard.

Vanquished Creatures
  A two-headed ogre (D:8)
  A komodo dragon (D:7)
  A kobold demonologist (D:7)
  2 wyverns (D:8)
  Duvessa (D:7)
  An orc warrior (D:8)
  5 ice beasts
  A black bear (D:5)
  2 sky beasts
  2 ogres (D:5)
  A centaur (D:7)
  11 kobold brigands
  5 bullfrogs
  A necrophage (D:8)
  5 wights
  Dowan (D:7)
  6 killer bees
  A howler monkey (D:5)
  A jelly (D:4)
  3 orc priests
  A gnoll bouda (D:6)
  4 hounds
  2 iguanas
  3 orc wizards
  8 gnolls
  6 adders
  2 white imps
  An ufetubus (D:6)
  A dart slug (D:5)
  22 orcs
  4 bats
  6 endoplasms
  A giant cockroach (D:1)
  9 hobgoblins
  9 jackals
  4 ball pythons
  6 frilled lizards
  9 goblins
  A goblin zombie (D:8)
  15 kobolds
  An orc skeleton (D:4)
  6 rats
  2 fulminant prisms
175 creatures vanquished.

Vanquished Creatures (others)
  A dancing weapon (D:8)
  56 fulminant prisms
  5 plants (D:8)
  3 withered plants (D:5)
65 creatures vanquished.

Grand Total: 240 creatures vanquished

Notes
Turn   | Place    | Note
-------+----------+-------------------------------------------
     0 | D:1      | LynnLen the Spriggan Conjurer began the quest for the Orb.
     0 | D:1      | Reached XP level 1. HP: 9/9 MP: 5/5
   146 | D:1      | Reached skill level 3 in Spellcasting
   297 | D:1      | Reached XP level 2. HP: 13/13 MP: 5/7
   301 | D:1      | Learned a level 2 spell: Searing Ray
   676 | D:1      | Reached XP level 3. HP: 16/16 MP: 2/9
   836 | D:1      | Found Ufiy's Distillery.
   908 | D:1      | Found a faded altar of an unknown god.
  1107 | D:1      | Found Juiloqi's Weapon Boutique.
  1502 | D:2      | Reached skill level 4 in Spellcasting
  2758 | D:3      | Reached XP level 4. HP: 21/21 MP: 8/11
  2763 | D:3      | Learned a level 4 spell: Fulminant Prism
  2768 | D:3      | Learned a level 4 spell: Iskenderun's Mystic Blast
  3590 | D:4      | Reached skill level 1 in Hexes
  3590 | D:4      | Reached skill level 1 in Translocations
  3645 | D:4      | Noticed an ogre
  3729 | D:4      | Noticed a lemure
  3730 | D:4      | Noticed a scorpion
  3730 | D:4      | Noticed Pikel
  3730 | D:4      | Noticed a lemure
  3761 | D:4      | Found a stormy altar of Qazlal.
  3808 | D:4      | Noticed a lemure
  3947 | D:4      | Reached XP level 5. HP: 23/24 MP: 5/13
  4164 | D:5      | Entered Level 5 of the Dungeon
  4302 | D:5      | Reached skill level 5 in Spellcasting
  4305 | D:5      | Reached XP level 6. HP: 23/28 MP: 5/15
  4390 | D:5      | Found a staircase to the Ecumenical Temple.
  4400 | Temple   | Entered the Ecumenical Temple
  4481 | Temple   | Became a worshipper of Vehumet
  4543 | D:5      | Reached skill level 6 in Spellcasting
  4689 | D:5      | Reached XP level 7. HP: 32/32 MP: 10/18
  4969 | D:5      | Reached skill level 7 in Spellcasting
  5114 | D:5      | Found a large runed translucent door.
  5114 | D:5      | Found a large runed translucent door.
  5185 | D:5      | Found an ancient bone altar of Kikubaaqudgha.
  5197 | D:5      | Learned a level 3 spell: Tukima's Dance
  5295 | D:5      | Reached skill level 8 in Spellcasting
  5863 | D:5      | Found a bloodstained altar of Trog.
  5863 | D:5      | Found an iron altar of Okawaru.
  5905 | D:5      | Reached * piety under Vehumet
  5905 | D:5      | Offered knowledge of Sandblast by Vehumet.
  5910 | D:5      | Learned a level 1 spell: Sandblast
  6121 | D:5      | Found a broken altar of Ashenzari.
  6163 | D:5      | Found an ornate altar of the Wu Jian Council.
  6265 | D:6      | Found a shadowy altar of Dithmenos.
  7106 | D:6      | Reached XP level 8. HP: 36/36 MP: 14/21
  7499 | D:6      | Reached skill level 9 in Spellcasting
  7749 | D:6      | Reached skill level 1 in Earth Magic
  7885 | D:6      | Found a sacrificial altar of Ru.
  7943 | D:6      | Found a shimmering blue altar of Sif Muna.
  8027 | D:6      | Found a snail-covered altar of Cheibriados.
  8092 | D:6      | Reached skill level 5 in Conjurations
  8716 | D:7      | Reached skill level 10 in Spellcasting
  9185 | D:7      | Reached XP level 9. HP: 39/39 MP: 18/24
  9221 | D:7      | Reached ** piety under Vehumet
  9263 | D:7      | Offered knowledge of Scorch by Vehumet.
  9620 | D:7      | Noticed Duvessa
  9815 | D:7      | Found a runed translucent gate.
  9815 | D:7      | Found a runed translucent gate.
  9815 | D:7      | Noticed ShnitzelX2's ghost (novice TeBe)
  9815 | D:7      | Noticed a kobold demonologist
  9816 | D:7      | Found a runed translucent gate.
 10153 | D:7      | Noticed Dowan
 10167 | D:7      | Killed Duvessa
 10167 | D:7      | Killed Dowan
 10550 | D:7      | Noticed a red devil
 10561 | D:7      | Killed a kobold demonologist
 10562 | D:7      | Reached skill level 11 in Spellcasting
 10981 | D:7      | Reached skill level 5 in Earth Magic
 11625 | D:8      | Noticed a komodo dragon
 11962 | D:8      | Reached XP level 10. HP: 33/44 MP: 15/26
 12070 | D:8      | Noticed a two-headed ogre
 12075 | D:8      | Offered knowledge of Stone Arrow by Vehumet.
 12075 | D:8      | Killed a two-headed ogre
 12076 | D:8      | Reached skill level 12 in Spellcasting
 12149 | D:8      | Noticed a centaur warrior
 12345 | D:8      | HP: 2/44 [centaur warrior/arrow (16)]
 12785 | D:8      | Noticed a two-headed ogre
 12786 | D:8      | Killed from afar by an acid dragon

Illustrated notes

Levels and vault maps discovered:
D:1:      dpeg_arrival_triangle_fractal, layout_rooms, serial_shops, shop, shop,
          chequers_ecumenical_altar_grove, minmay_statues_item
D:2:      layout_basic
D:3:      layout_loops_ring, minmay_hedge_maze
D:4:      layout_cave_pools, nicolae_qazlal_general_emergency,
          serial_column_ruins, column_ruins_courtyard_long,
          column_ruins_open_tiny, column_ruins_grid_1, column_ruins_open_small,
          column_ruins_corridor_corner, column_ruins_open_small,
          nicolae_ossuary_entry_catacombs, uniq_pikel
D:5:      black_bear_nest_1, layout_basic, jmf_multi_god_temple2,
          grunt_temple_overflow_bloody_war, kiku_gazebo_garden_becter,
          temple_green
D:6:      layout_cave_pods, cheibriados_altar_1, lemuel_coloured_pillars_altar,
          nicolae_sif_muna_condensation,
          nicolae_dithmenos_through_a_glass_darkly, minmay_misc_feat_square
D:7:      layout_loops_ring, gammafunk_ghost_nasty_kobolds, uniq_duvessa
D:8:      cheibrodos_ideogram_h, layout_loops_ring,
          nicolae_tso_besieged_by_evil, enter_bailey_3, minmay_lizard_king,
          uniq_maggie
Temple:   hellmonk_temple_flake

Skill      XL: |  1  2  3  4  5  6  7  8  9 10 |
---------------+-------------------------------+-----
Conjurations   | 3 4 5 6 7 |  7.1
Spellcasting   | 3 4 5 6 8 10 11 12 | 12.3
Hexes          | 1 3 4 |  4.3
Translocations | 2 3 4 |  4.5
Earth Magic    | 3 5 |  5.0
Dodging        | |  2.6
Stealth        | |  3.0

Action                   |  1- 3 |  4- 6 |  7- 9 | 10-12 || total
-------------------------+-------+-------+-------+-------++-------
Melee: Unarmed           |     7 |       |       |       ||     7
       Short sword       |       |       |    17 |       ||    17
 Cast: Magic Dart        |    89 |    67 |   107 |       ||   263
       Searing Ray       |     3 |     5 |    34 |     3 ||    45
       Fulminant Prism   |       |       |    57 |     1 ||    58
       Iskenderun's Myst |       |       |     7 |    10 ||    17
       Tukima's Dance    |       |       |     1 |     1 ||     2
  Use: Scroll            |     1 |     5 |     4 |       ||    10
       Potion            |     1 |     5 |     4 |       ||    10
 Stab: Sleeping          |     1 |       |       |       ||     1
Armor: Robe              |     4 |     1 |     9 |     1 ||    15
Dodge: Dodged            |    13 |    53 |   102 |    21 ||   189
